Cogmind - Beta 17 @@@ ROGUE MODE // 2026.08.13 @ 23:23:04 Player: beep Result: Destroyed by Y-45 Defender with Heavy Assault Rifle Performance ------------- Evolutions (1) 500 Regions Visited (2) 400 Robots Destroyed (25) 125 Value Destroyed (474) 474 Prototype IDs (0) 0 Alien Tech Used (0) 0 Bonus (0) 0 TOTAL SCORE: 1499 Bonus ------- None Cogmind --------- Core Integrity 0/400 Matter 285/300 Energy 100/100 System Corruption 0% Temperature Cool (0) Movement Core (100) Ox1 Location -9/Materials Parts ------- > --- POWER (1) -------- (None) > --- PROPULSION (4) --- (None) > --- UTILITY (2) ------ Small Storage Unit > --- WEAPON (2) ------- (None) > --- INVENTORY (8) ---- (None) Peak State ------------ > --- POWER ------------ Ion Engine > --- PROPULSION ------- Aluminum Leg Aluminum Leg > --- UTILITY ---------- Small Storage Unit Improved Terrain Scanner > --- WEAPON ----------- Small Laser Assault Rifle > --- INVENTORY -------- Ion Engine Medium Laser [Rating: 9] Favorites ----------- Power Ion Engine Engine Ion Engine Propulsion Aluminum Leg Treads Light Treads Leg Aluminum Leg Utility Small Storage Unit Device Improved Terrain Scanner Storage Small Storage Unit Weapon Assault Rifle Energy Gun Small Laser Ballistic Gun Assault Rifle Build | -11 -10 -9 ------- Run | Yrd Mat Mat Slots Evolved 2 | . . 2 Power . | . . . Propulsion 2 | . . 2 Utility . | . . . Weapon . | . . . Parts Attached 14 | 9 1 4 Power 3 | 1 . 2 Engine 3 | 1 . 2 Core . | . . . Reactor . | . . . Propulsion 3 | 3 . . Treads 1 | 1 . . Leg 2 | 2 . . Wheel . | . . . Hover . | . . . Flight . | . . . Utility 4 | 3 1 . Device 2 | 1 1 . Storage 2 | 2 . . Processor . | . . . Hackware . | . . . Protection . | . . . Artifact . | . . . Weapon 4 | 2 . 2 Energy Gun 2 | 1 . 1 Energy Cannon . | . . . Ballistic Gun 2 | 1 . 1 Ballistic Cannon . | . . . Launcher . | . . . Special Weapon . | . . . Impact Weapon . | . . . Slashing Weapon . | . . . Piercing Weapon . | . . . Special Melee Weapon . | . . . Unidentified Prototypes . | . . . Parts Lost 11 | . 1 10 Power 3 | . . 3 Propulsion 2 | . . 2 Utility 2 | . 1 1 Weapon 4 | . . 4 Highest Loss Streak 5 | . 1 5 To Critical Strikes . | . . . Average Backups 1 | 1 3 . Power . | 1 2 . Propulsion . | . . . Utility . | . . . Weapon . | . 1 . Tool/Special . | . . . Unused Backups . | . . . Power . | . . . Propulsion . | . . . Utility . | . . . Weapon . | . . . Tool/Special . | . . . Average Slot Usage (%) 60 | . 98 43 Engine 11 | . 14 9 Leg 12 | . 28 5 Device 6 | . 12 3 Storage 11 | . 14 11 Energy Gun 9 | . 14 7 Ballistic Gun 8 | . 14 6 Peak Build Rating 9 | 9 9 9 Average Rating 5 | 5 8 4 On Entrance 6 | . 9 9 Avg Prop Armor Cover (%) . | . . . Naked Turns . | . . . Heaviest Build 18 | 18 14 14 Greatest Support 20 | 20 20 20 Greatest Overweight (x) 4 | 1 . 4 Average Overweight (x) 1 | . . 1 Largest Inventory Capacity 8 | 8 8 8 Average Capacity 7 | 6 8 8 Most Carried 4 | 4 4 3 Average Carried 1 | 1 3 . Final Capacity 8 | 8 8 8 Final Carried 4 | 4 3 . Class Distribution -------------------- 100% | Mutant Dominant Class ---------------- Mutant | -10/Materials Mutant | -9/Materials Resources | -11 -10 -9 ----------- Run | Yrd Mat Mat Matter Collected 508 | 305 101 102 Remotely . | . . . Salvage Created 745 | 162 245 338 Parts 53 | 9 19 25 Haulers Intercepted . | . . . Recyclers Shooed . | . . . Parts Field Recycled . | . . . Retrieved Matter . | . . . Parts Self-Destructed . | . . . Prevented . | . . . Parts Restored . | . . . Kills | -11 -10 -9 ------- Run | Yrd Mat Mat Combat Hostiles Destroyed 17 | . 7 10 Guns 16 | . 7 9 Classes Destroyed 7 | 3 3 1 Worker 2 | 1 1 . Tunneler 2 | 2 . . Recycler 1 | 1 . . Watcher 3 | . 1 2 Swarmer 10 | . 3 7 Grunt 4 | . 4 . Sentry 3 | . . 3 Best Kill Streak 7 | 2 4 7 Combat Bots Only 4 | . 4 4 Max Kills in Single Turn 2 | 1 2 2 Gunslinging 1 | . 1 . Exploded . | . . . Melee . | . . . Uniques/NPCs Destroyed . | . . . Combat | -11 -10 -9 -------- Run | Yrd Mat Mat Hostile Shots Fired 151 | . 45 106 Missed 49 | . 13 36 Hits 102 | . 32 70 Melee 1 | . . 1 Projectile 101 | . 32 69 Critical Strikes 2 | . . 2 Damage Taken 1357 | . 382 975 Core 480 | . 71 409 Absorbed by Shields . | . . . Core Remaining (%) 85 | 100 71 . Volleys Fired 118 | 5 34 79 Largest 2 | 2 2 2 Hottest 73 | 60 60 73 Shots Fired 174 | 10 65 99 Gun 174 | 10 65 99 Cannon . | . . . Launcher . | . . . Special . | . . . Kinetic 84 | 5 34 45 Thermal 90 | 5 31 54 Explosive . | . . . Electromagnetic . | . . . Robot Hit Streak 9 | 3 5 9 Robot Miss Streak 4 | 1 4 4 Penetration Max . | . . . Secondary Targets 2 | . 2 . Max Gunslinging Chain 1 | . 1 . Shots Hit Robots 78 | 6 34 38 Core Hits 36 | 5 15 16 Critical Kills . | . . . Critical Parts Destroyed 1 | . 1 . Critical Strikes 3 | . 1 2 Burn 2 | . . 2 Destroy 1 | . 1 . Melee Attacks . | . . . Impact . | . . . Slashing . | . . . Piercing . | . . . Sneak Attacks . | . . . Combat Hostiles . | . . . Follow-up Attacks . | . . . Damage Inflicted 1023 | 67 439 517 Guns 1008 | 67 439 502 Cannons . | . . . Explosions . | . . . Melee . | . . . Ramming 15 | . . 15 Kinetic 569 | 32 240 297 Thermal 439 | 35 199 205 Explosive . | . . . Electromagnetic . | . . . Impact . | . . . Slashing . | . . . Piercing . | . . . Highest Corruption . | . . . Average Corruption . | . . . Corruption Purged . | . . . Corruption Blocked . | . . . Overload Shots . | . . . Overflow Damage 26 | . . 26 Projectiles . | . . . Explosions 26 | . . 26 Melee . | . . . Knockbacks . | . . . Impact . | . . . Kinetic . | . . . Secondary . | . . . Self-Inflicted Damage 116 | . . 116 Shots 1 | . . 1 Rammed 5 | . . 5 Targets Rammed 5 | . . 5 Kicked . | . . . Crushed . | . . . Highest Temperature 85 | . 51 85 Average Temperature 20 | . 21 19 Received Heat Transfer 378 | . 180 198 Siege Activations . | . . . Martial Activations . | . . . Shielding Activations . | . . . Robots Disrupted . | . . . Combat Hostiles . | . . . Robots Corrupted . | . . . Combat Hostiles . | . . . Parts Fried . | . . . Impact Corruptions . | . . . Robots Melted 1 | . . 1 Combat Hostiles 1 | . . 1 Parts Melted 2 | . . 2 Heat Transferred 1242 | 75 450 717 Parts Sabotaged . | . . . Parts Stolen . | . . . Parts Stripped . | . . . Power Chain Reactions . | . . . Alert | -11 -10 -9 ------- Run | Yrd Mat Mat Maximum Alert Level . | . . . Low Security (%) 100 | 100 100 100 Level 1 . | . . . Level 2 . | . . . Level 3 . | . . . Level 4 . | . . . Level 5 . | . . . High Security . | . . . Max Security . | . . . Peak Influence 165 | 10 120 165 Initial 36 | . 3 36 Average 74 | . 64 96 Influence Increases 600 | 20 187 393 Destroy 0b10 Robot/C 340 | . 140 200 Destroy 0b10 Robot/NC 40 | 20 10 10 Destroy Leader 76 | . 22 54 Disable Machine 30 | . . 30 Destroy Structure 24 | . . 24 Lose Combat Pursuer 90 | . 15 75 Influence Decreases 517 | 15 105 397 Entered New Map 53 | . 2 51 Time Decay 354 | 15 93 246 Lost Part 110 | . 10 100 Squads Dispatched 2 | . 1 1 Investigation 1 | . . 1 Extermination . | . . . Reinforcement 1 | . 1 . Assault . | . . . Garrison . | . . . Intercept . | . . . Searches Triggered . | . . . Construction Impeded . | . . . Haulers Reinforced . | . . . Active Scanning Responses . | . . . Cargo Convoy Interrupts . | . . . Stealth | -11 -10 -9 --------- Run | Yrd Mat Mat Distress Signals 3 | . 2 1 Communications Jammed . | . . . Distress Signals . | . . . Times Spotted 38 | . 14 24 Peak Tracking Total 8 | . 7 8 Tactical Retreats 3 | . 1 2 Traps | -11 -10 -9 ------- Run | Yrd Mat Mat Traps Triggered 1 | . . 1 Indirectly . | . . . Trap Hack Attempts . | . . . Triggered . | . . . Disarmed . | . . . Reprogrammed . | . . . Reused . | . . . Traps Extracted . | . . . Installed . | . . . Triggered . | . . . Machines | -11 -10 -9 ---------- Run | Yrd Mat Mat Machines Disabled 2 | . . 2 Max in Single Turn 2 | . . 2 Machines Repaired . | . . . Machines Dismantled . | . . . Machines Sabotaged . | . . . Overloaded Fab Kills . | . . . Hacking | -11 -10 -9 --------- Run | Yrd Mat Mat Machines Accessed . | . . . Terminals . | . . . Fabricators . | . . . Repair Stations . | . . . Recycling Units . | . . . Scanalyzers . | . . . Garrison Access . | . . . Total Hacks . | . . . Successful . | . . . Failed . | . . . Catastrophic . | . . . Database Lockouts . | . . . Manual . | . . . Terminals . | . . . Fabricators . | . . . Repair Stations . | . . . Recycling Units . | . . . Scanalyzers . | . . . Garrison Access . | . . . Terminal Hacks . | . . . Fabricator Hacks . | . . . Repair Station Hacks . | . . . Recycling Unit Hacks . | . . . Scanalyzer . | . . . Garrison Access Hacks . | . . . Unauthorized Hacks . | . . . Terminals . | . . . Fabricators . | . . . Repair Stations . | . . . Recycling Units . | . . . Scanalyzers . | . . . Garrison Access . | . . . Data Cores Recovered . | . . . Used . | . . . Hacking Detections . | . . . Full Trace Events . | . . . Feedback Events . | . . . Feedback Blocked . | . . . Robot Schematics Acquired . | . . . Robots Built . | . . . Authchips . | . . . Time . | . . . Total Robot Build Rating . | . . . Part Schematics Acquired . | . . . Parts Built . | . . . Authchips . | . . . Time . | . . . Total Part Build Rating . | . . . Part Studies Acquired . | . . . Parts Repaired . | . . . Time . | . . . Parts Recycled . | . . . Recycled Matter . | . . . Retrieved Matter . | . . . Retrieved Components . | . . . Parts Scanalyzed . | . . . Part Schematics Acquired . | . . . Parts Damaged . | . . . Bothacking | -11 -10 -9 ------------ Run | Yrd Mat Mat Used RIF Installer . | . . . Robots Hacked . | . . . Non-combat . | . . . Combat . | . . . Robot Hacks Applied . | . . . Relay Couplers Released . | . . . Fabnet Peak Effective % . | . . . Robots Rewired . | . . . Allies Hacked . | . . . Hacks Repelled . | . . . Allies | -11 -10 -9 -------- Run | Yrd Mat Mat Total Allies . | . . . Largest Group . | . . . Highest-Rated Group . | . . . Highest-Rated Ally . | . . . Total Orders . | . . . Ally Attacks . | . . . Total Damage . | . . . Kills . | . . . Allies Corrupted . | . . . Allies Melted . | . . . Intel | -11 -10 -9 ------- Run | Yrd Mat Mat Active Infowar (turns) 392 | 30 204 158 Terrain 392 | 30 204 158 Robot Analysis Total . | . . . Derelict Logs Recovered . | . . . Drone Launches . | . . . Drone Recoveries . | . . . Exploration | -11 -10 -9 ------------- Run | Yrd Mat Mat Turns Passed 906 | 134 236 536 Spaces Moved 395 | 83 100 212 Core 165 | 8 . 157 Treads 1 | 1 . . Legs 229 | 74 100 55 Wheels . | . . . Hover . | . . . Flight . | . . . Fastest Speed 50 | 50 120 100 Average Speed 143 | 122 120 163 Slowest Speed 250 | 190 120 250 Overloaded Moves . | . . . Propulsion Burnouts . | . . . Robots Hopped . | . . . Potential Cave-ins . | . . . Cave-ins Triggered . | . . . Exploration Rate (%) 16 | 4 22 24 Regions Visited 2 Branch Regions . Pre-discovered Areas . | . . . Known Exits Taken . | . . . Unknown Exits Taken 2 | 1 1 . Scrap Searched . | . . . Spaces Dug . | . . . Terrain Destroyed 34 | . . 34 Melee . | . . . Projectile . | . . . AOE 34 | . . 34 Terrain Rammed . | . . . Walls Destroyed . | . . . Machines Disabled . | . . . Actions | -11 -10 -9 --------- Run | Yrd Mat Mat Total 553 | 102 151 300 Wait 17 | . 17 . Move 393 | 82 99 212 Hop . | . . . Pick Up 4 | 4 . . Fast Attach 10 | 9 . 1 Attach 4 | . 1 3 Detach . | . . . Swap . | . . . Drop 2 | 2 . . Fire 118 | 5 34 79 Melee . | . . . Ram 5 | . . 5 Kick . | . . . Crush . | . . . Escape Stasis . | . . . Rewire . | . . . Trap . | . . . Miscellaneous . | . . . Route ------- -11/Scrapyard -10/Materials -9/Materials (discovered 2 exits: [*Min] / [*Sto]) History --------- Turn | Location | Event 4 | -11/Scrapyard | Discovered new exit (range 13) 135 | -11/Scrapyard | Entered Materials 320 | -10/Materials | Build established: Mutant 353 | -10/Materials | Discovered new exit (range 11) 371 | -10/Materials | Entered another Materials area 371 | -9/Materials | Evolved 2 slots: Propulsion x2 560 | -9/Materials | Lost 5 parts (1p2n1u1w) 742 | -9/Materials | Core integrity fell below 50% 851 | -9/Materials | Core integrity fell below 20% 860 | -9/Materials | Discovered new exit (range 14) 867 | -9/Materials | Discovered new exit (range 10) 907 | -9/Materials | Destroyed by Y-45 Defender with Heavy Assault Rifle Last Messages --------------- 00804_ U-05 Engineer builds a Wall. 00804_ U-05 Engineer lays Concrete. 00808_ U-05 Engineer builds a Wall. 00812_ U-05 Engineer lays Concrete. 00813_ U-05 Engineer builds a Wall. 00813_ U-05 Engineer lays Concrete. 00817_ U-05 Engineer builds a Wall. 00819_ U-05 Engineer lays Concrete. 00841_ Med. Laser destroyed. 00844_ Slammed into Y-45 Defender. 00847_ Slammed into B-36 Bruiser. 00853_ Lgt. Ion Engine destroyed. 00860_ EXIT=FOUND 00867_ Triggered Alarm Trap. 00867_ An alarm sounds. 00867_ ALERT: Alarm triggered, dispatching investigation squad. 00869_ K-01 Serf cleans the Terminal. 00876_ Slammed into K-01 Serf. 00897_ T-07 Excavator is excavating. 00904_ K-01 Serf collects debris. Map ----- +----------------------------------------------------+ | | | | | | | | | | | | | | | | | | | | | | | | | | | | | | | | | | | | | | | | | ?????????????????????????????????????????????????? | | ??????????????????????##########?????????????????? | | ??????????????????????# "" #?????????????????? | | ??????????????????????# ""S #?????????????????? | | ??????????????????????# "" #?????????????????? | | ??????????????????????# @ #?#+####??????????? | | ?????????????????????## Y #?# #??????????? | | ?????????????????????# """ #?# #??????????? | | ?????????????????????## """ ### #??????????? | | ??????????????????????#k """ + #??????????? | | ??????????????????????# # #??????????? | | ??????????????????????#####+#### #?########## | | ????????????????????? #?# | | ???????????????????? ##### #?# """ """ | | ???????????????????? ????# #?# """ """ | | ??????????????????? ########### ????# #?# """ """ | | ??????????????????????????????# ????# #?# | | ??????????????????????????????# ????# ### | | ??????????????????????????????# ????# + | | ??????????????????????????????#?????# ### "T" | | ????????????????????????????????????# #?#####/#### | | ????????????????????????????????????# #????# | | ?############????????????????? ???#/#????# ### | | ?# + #????????????????# #??? ?????+ #?? | | ?# ### #???????????????## ##?? ?????# #?? | | ?# #?# #???????????????# #?? ?????# ### | | ?# = ###+#####???????????# #?? ?????# | | ?# # #???????????+ +?? ?????# | | ?# # "" #???????????# #?? ?????# | | ?####+### "T #???????????? ?????????# ### | +----------------------------------------------------+ Best States ------------- Heat Dissipation 28 Energy Generation 10 Energy Capacity 250 Matter Stores 300 Matter Capacity 300 Sight Range 16 Terrain Scan Range 16 Terrain Scan Density 10 Evasion (%) 55 Item Schematics ----------------- None Robot Schematics ------------------ None Fabricated ------------ Nothing Repaired ---------- Nothing Studied --------- None Alien Tech Used ----------------- None Achievements -------------- None Challenges ------------ None Game ------ Seed PiercingShadeCloak Manual? 0 Play Time 00:11:13 Cumulative 3.1 hours Start 2026.08.13 @ 23:14:48 End 2026.08.13 @ 23:23:04 Sessions 1 Manual Loads 0 Difficulty Rogue Special Mode None Game No. 8 Rogue 8 Adventurer 0 Explorer 0 Win Type - Total 0 Types 0/0/0/0/0/0/0/0/0/0 Lore% 6 Gallery% 6 Achievement% 7 Wizard Run 0 Options --------- Layout 0 ASCII 0 Keyboard 1 Movement Arrows Keybinds 1 Fullscreen 2 Font 24/Smallcaps Map View 113x50 Zoom Use 6% Tactical HUD 1 Map Filters NONE Filters NONE Steam 1 RUN: 39eb0c99-828a-471c-b074-48eb94c64217